 Dungeon Crawl Stone Soup version 0.27-a0-978-g2aa4ecdaef (webtiles) character file.

Game seed: 5533377926438071248

28 tardwrangler69 the Digger (level 2, -1/20 HPs)
             Began as a Draconian Earth Elementalist on Apr 14, 2021.
             Slain by a phantom (5 damage)
             ... on level 2 of the Dungeon.
             The game lasted 00:01:01 (1770 turns).

tardwrangler69 the Digger (DrEE)                    Turns: 1770, Time: 00:01:02

Health: -1/20      AC:  6    Str: 10    XL:     2   Next: 96%
Magic:  0/5        EV: 12    Int: 15    God:
Gold:   24         SH:  0    Dex: 11    Spells: 4/5 levels left

rFire    . . .     SeeInvis .   d - +1 whip (venom)
rCold    . . .     Faith    .   (no shield)
rNeg     . . .     Spirit   .   (armour unavailable)
rPois    .         Reflect  .   (helmet restricted)
rElec    .         Harm     .   g - +0 cloak
rCorr    .         Rampage  .   c - +0 pair of gloves
Will     .....                  (no boots)
Stlth    ++........             (no amulet)
HPRegen  0.06/turn              (no ring)
MPRegen  0.09/turn              (no ring)

@: no status effects
A: AC +4, unfitting armour, cold-blooded
a: no special abilities


You were on level 2 of the Dungeon.
You visited 1 branch of the dungeon, and saw 2 of its levels.

You collected 24 gold pieces.

Inventory:

Hand Weapons
 d - a +1 whip of venom (weapon)
Missiles
 b - 57 stones
Armour
 c - a +0 pair of gloves (worn)
 g - a +0 cloak (worn)
Scrolls
 a - 2 scrolls of teleportation {unknown}
Potions
 e - a potion of ambrosia {unknown}
 f - a potion of heal wounds {unknown}
 h - a potion of brilliance {unknown}
 i - a potion of berserk rage {unknown}


   Skills:
 - Level 1.7 Dodging
 - Level 1.7 Stealth
 + Level 2.4 Spellcasting
 - Level 1.0 Transmutations
 * Level 3.8 Earth Magic


You had 4 spell levels left.
You knew the following spells:

 Your Spells              Type           Power      Damage    Failure   Level
a - Sandblast             Erth           26%        2d8       4%          1

Your spell library contained the following spells:

 Spells                   Type           Power      Damage    Failure   Level
 Passwall                 Tmut/Erth      7%         N/A       12%         2
 Summon Small Mammal      Summ           4%         N/A       22%         1
 Stone Arrow              Conj/Erth      14%        3d7       28%         3
 Call Imp                 Summ           1%         N/A       32%         2
 Call Canine Familiar     Summ           1%         N/A       54%         3
 Summon Guardian Golem    Hex/Summ       1%         N/A       54%         3
 Petrify                  Tmut/Erth      9%         N/A       61%         4
 Summon Ice Beast         Ice/Summ       1%         N/A       91%         4
 Summon Lightning Spire   Summ/Air       1%         N/A       91%         4
 Lee's Rapid Deconstruct  Erth           6%         3d7*      77%         5


Dungeon Overview and Level Annotations

Branches:
Dungeon (2/15)

Altars:


Innate Abilities, Weirdness & Mutations

Your plain brown scales are hard. (AC +4)
You cannot fit into any form of body armour.
You are cold-blooded and may be slowed by cold attacks.


Message History

The blast of sand hits the phantom!
The phantom is moderately damaged.
The phantom hits you.
Casting: Sandblast (safe; 4% risk of failure)
Confirm with . or Enter, or press ? or * to list all spells.
Aiming: Sandblast (safe; 4% risk of failure)
Press: ? - help, Shift-Dir - straight line, f/p - phantom
Aim: a phantom (moderately damaged, 29% to evade)
The blast of sand misses the phantom.
The phantom hits you!
* * * LOW HITPOINT WARNING * * *
The phantom blinks!
You blink.
Casting: Sandblast (safe; 4% risk of failure)
Confirm with . or Enter, or press ? or * to list all spells.
Aiming: Sandblast (safe; 4% risk of failure)
Press: ? - help, Shift-Dir - straight line, f/p - phantom
Aim: a phantom (moderately damaged, 29% to evade)
The blast of sand hits the phantom.
The phantom is heavily damaged.
The phantom closely misses you.
Casting: Sandblast (safe; 4% risk of failure)
Confirm with . or Enter, or press ? or * to list all spells.
Aiming: Sandblast (safe; 4% risk of failure)
Press: ? - help, Shift-Dir - straight line, f/p - phantom
Aim: a phantom (heavily damaged, 29% to evade)
The blast of sand hits the phantom!
The phantom is severely damaged.
The phantom hits you but does no damage.
Casting: Sandblast (safe; 4% risk of failure)
Confirm with . or Enter, or press ? or * to list all spells.
Aiming: Sandblast (safe; 4% risk of failure)
Press: ? - help, Shift-Dir - straight line, f/p - phantom
Aim: a phantom (severely damaged, 29% to evade)
The blast of sand misses the phantom.
The phantom barely misses you.
You hit the phantom.
The phantom is almost destroyed.
The phantom closely misses you.
You hit the phantom.
The phantom is almost destroyed.
The phantom hits you.
You die...

.........###########.#
.........# #.#
########## #.# # #.#
##.# #### # .#.# ...#
#.####.#.# ...#
#...W#.#.# ...#
#.##@#)#.# ...#
#######.#.#.# ...#
#.........#.# ...#
#.#####.###.## ...#
#.# #.#....#
...#######.# #.#.####
.........#.# #.#.#
.#######.#.# #.#.#
.....(.#.#.# #.#.#


You could see a phantom.

Vanquished Creatures
  A worm (D:2)
  2 bats (D:1)
  5 endoplasms
  2 giant cockroaches
  2 goblins
  A hobgoblin (D:1)
  4 kobolds
  2 ball pythons
  3 frilled lizards
  A rat (D:1)
23 creatures vanquished.

Notes
Turn   | Place    | Note
-------+----------+-------------------------------------------
     0 | D:1      | tardwrangler69 the Draconian Earth Elementalist began the
                  | quest for the Orb.
     0 | D:1      | Reached XP level 1. HP: 14/14 MP: 3/3
   793 | D:1      | Reached XP level 2. HP: 19/20 MP: 5/5
   921 | D:1      | Found a faded altar of an unknown god.
  1760 | D:2      | Noticed a phantom
  1770 | D:2      | Slain by a phantom

Illustrated notes

Levels and vault maps discovered:
D:1:      pf_arrival_petrified_forest, layout_loops_ring, basic_ecumenical_altar
D:2:      layout_basic, basic_altar

Action                   || total
-------------------------++-------
Melee: Unarmed           ||    22
       Whip              ||    49
       Tailslap          ||     8
 Cast: Sandblast         ||     8
 Stab: Distracted        ||     1
       Sleeping          ||     2
Armor: Skin              ||    18
Dodge: Dodged            ||    39

Table legend: (Time is in decaauts)
 A = Elapsed time spent in this place.
 B = Non-inter-level travel time spent in this place.
 C = Inter-level travel time spent in this place.
 D = Time resting spent in this place.
 E = Time spent auto-exploring this place.
 F = Levels seen in this place.
 G = Mean time per level.
                   A        B        C        D        E       F      G
               +--------+--------+--------+--------+--------+-----+--------+
         Total |   1779 |   1764 |     15 |      0 |   1561 |   2 |  889.5 |
       Dungeon |   1779 |   1764 |     15 |      0 |   1561 |   2 |  889.5 |
               +--------+--------+--------+--------+--------+-----+--------+

Top non-repeatable levels by time:
     D:1: 1284 daAuts
     D:2: 494 daAuts
